 Dungeon Crawl Stone Soup version 0.30-b1-2-g02819fbbbe (webtiles) character file.

Game seed: 11483040864735784572

87 LLlMATKO the Chopper (level 4, -1/61 HPs)
             Began as a Minotaur Berserker on Sept 30, 2023.
             Was a Believer of Trog.
             Succumbed to Sigmund's poison
             ... on level 3 of the Dungeon.
             The game lasted 00:01:21 (1374 turns).

LLlMATKO the Chopper (Minotaur Berserker)           Turns: 1374, Time: 00:01:21

Health: -1/61      AC:  5    Str: 29    XL:     4   Next: 28%
Magic:  3/3        EV: 11    Int:  4    God:    Trog [**....]
Gold:   117        SH:  0    Dex: 10    Spells: 3/3 levels left

rFire   . . .        a - +0 hand axe
rCold   . . .        (no shield)
rNeg    . . .        f - +0 ring mail
rPois   .            (helmet restricted)
rElec   .            (no cloak)
rCorr   .            (no gloves)
SInv    .            (no boots)
Will    .....        (no amulet) Stlth
                     o - +6 ring of strength
HPRegen 0.30/turn    (no ring)
MPRegen 0.08/turn

%: no passive effects
@: confused, berserking (expiring), lethally poisoned (-1 -> -20), very quick
A: horns 2, retaliatory headbutt
a: Renounce Religion, Berserk, Trog's Hand


You were on level 3 of the Dungeon.
You worshipped Trog.
Trog was pleased with you.
You visited 1 branch of the dungeon, and saw 3 of its levels.

You collected 117 gold pieces.

Inventory:

Hand Weapons
 a - a +0 hand axe (weapon)
Missiles
 m - 2 boomerangs (quivered)
Armour
 f - a +0 ring mail (worn)
 n - a +0 plate armour
Jewellery
 o - a +6 ring of strength (left hand)
Scrolls
 c - 3 scrolls of amnesia {unknown}
 h - 5 scrolls of identify {unknown}
 i - a scroll of teleportation {unknown}
 j - a scroll of brand weapon {unknown}
 k - a scroll of noise {unknown}
 l - a scroll of blinking {unknown}
 q - a scroll of enchant weapon {unknown}
Potions
 b - a potion of curing {unknown}
 d - 2 potions of might {unknown}
 e - 3 potions of heal wounds {unknown}
 g - a potion of mutation {unknown}
 p - a potion of cancellation {unknown}


   Skills:
 + Level 4.4 Fighting
 + Level 4.4 Axes
 + Level 3.5 Armour
 + Level 3.1 Dodging


You had 3 spell levels left.
You didn't know any spells.
Your spell library was empty.

Dungeon Overview and Level Annotations

Branches:
Dungeon (3/15)

Altars:
Uskayaw

Shops:
D:2 (

Annotations:
D:3 Pargi, Sigmund


Innate Abilities, Weirdness & Mutations

You have a pair of horns on your head.
You reflexively headbutt those who attack you in melee.


Message History

You feel yourself moving faster!
You feel mighty!
You feel very sick. Pargi misses you. Pargi claws you but does no damage.
Pargi misses you.
You feel a strong urge to attack something.
You feel sick.
Pargi hisses menacingly.
Pargi bites you. Pargi claws you. Pargi closely misses you.
Sigmund points at you and mumbles some strange words.
You resist with some effort.
You are too injured to fight recklessly!
You closely miss Sigmund. Your headbutt misses Sigmund. You closely miss Pargi.
You feel sick. Pargi bites you! Pargi misses you. Pargi barely misses you.
Sigmund points at you and mumbles some strange words.
You are confused.
You bump into the rock wall.
You feel sick.
Unknown command.
You barely miss Sigmund. You slash Pargi!
You feel sick. Pargi bites you. Pargi closely misses you.
Pargi barely misses you.
Sigmund hits you with a +3 scythe of venom!
* * * LOW HITPOINT WARNING * * *
You are lethally poisoned!
Unknown command.
You slash Pargi!
Pargi is almost dead.
You miss Sigmund.
* * * LOW HITPOINT WARNING * * *
You feel sick. Pargi bites you.
* * * LOW HITPOINT WARNING * * *
Pargi misses you. Pargi completely misses you.
* * * LOW HITPOINT WARNING * * *
You feel very sick. Sigmund hits you but does no damage.
You are more poisoned.
Unknown command.
You feel a strong urge to attack something.
* * * LOW HITPOINT WARNING * * *
You feel very sick.
You barely miss Pargi.
Pargi is severely wounded.
You die...

###...# #.##+#.# #.# #...#
#......# #.# #.### ##.....##
##.###### #..##
##.......###.......#
#######...####.........##..†.....
.)...........+...).....+.........
#######)†.####.........##.#...#..
###..## #.......# #.##.....
#...## #@T@..# #.##..#.# #.###
##...## #.##..#.# #.# ##'##
#.##..#.# #<# #.# #........ #.#
##########.# #####.### #.#
#........#.#### #.# #.#
#.##.(........# #.# #.#
#.##.###......#######.#
###.###.##.# #....#.†.......#


You could see Pargi and Sigmund.

Vanquished Creatures
  2 adders
  A worm (D:2)
  A dart slug (D:1)
  11 bats
  5 endoplasms
  A giant cockroach (D:1)
  5 hobgoblins
  6 jackals
  5 kobolds
  2 quokkas
  5 ball pythons
  7 frilled lizards
  5 goblins
  4 rats
60 creatures vanquished.

Notes
Turn   | Place    | Note
-------+----------+-------------------------------------------
     0 | D:1      | LLlMATKO the Minotaur Berserker began the quest for the
                  | Orb.
     0 | D:1      | Reached XP level 1. HP: 19/19 MP: 0/0
    70 | D:1      | Reached XP level 2. HP: 27/27 MP: 1/1
   278 | D:1      | Found a faded altar of an unknown god.
   347 | D:1      | Reached ** piety under Trog
   479 | D:1      | Reached XP level 3. HP: 33/33 MP: 2/2
   790 | D:2      | Found Resead's Antique Weapon Emporium.
   797 | D:2      | Found a hide-covered altar of Uskayaw.
  1081 | D:2      | Reached XP level 4. HP: 38/40 MP: 3/3
  1362 | D:3      | Noticed Sigmund
  1362 | D:3      | Noticed Pargi
  1373 | D:3      | HP: 3/61 [poisoned by Sigmund]
  1374 | D:3      | Succumbed to Sigmund's poison

Illustrated notes

Levels and vault maps discovered:
D:1:      dpeg_arrival_rooms_c, layout_rooms, ebering_ecumenical_altar_mist,
          st_stairs_11, minmay_quantized
D:2:      layout_rooms, basic_altar, serial_shops, shop, corexii_shack
D:3:      layout_loops_corners, okawaru_gym_becter, lemuel_tele_altar,
          nicolae_shop_vocational, uniq_jessica, uniq_sigmund, uniq_pargi,
          uniq_ijyb, uniq_terence

Skill      XL: |  1  2  3 |
---------------+----------+-----
Axes           | 4 |  4.4
Fighting       | 4 |  4.4
Armour         | 3 |  3.5
Dodging        | 3 |  3.1

Action                     |  1- 3 |  4- 6 || total
---------------------------+-------+-------++-------
  Melee: Hand axe          |    94 |    28 ||   122
         Headbutt          |     9 |     2 ||    11
 Invoke: Berserk           |     1 |     1 ||     2
   Stab: Sleeping          |     1 |       ||     1
 Armour: Animal skin       |     6 |       ||     6
         Ring mail         |    25 |    16 ||    41
  Dodge: Dodged            |    64 |    21 ||    85
